 Dungeon Crawl Stone Soup version 0.32-a0-876-gcfddb08 (webtiles) character file.

Game seed: 33251674393878688

7512 AlexanderH the Geomancer (level 10, -9/81 HPs)
             Began as a Grey Draconian Earth Elementalist on Apr 1, 2024.
             Was a Believer of Vehumet.
             Mangled by a yak simulacrum (12 damage)
             ... on level 9 of the Dungeon.
             The game lasted 00:18:40 (8135 turns).

AlexanderH the Geomancer (DrEE)                     Turns: 8135, Time: 00:18:42

Health: -9/81      AC: 16    Str: 11    XL:     10   Next: 95%
Magic:  15/20      EV: 11    Int: 20    God:    Vehumet [**....]
Gold:   423        SH:  0    Dex: 11    Spells: 19/23 levels left

rFire   . . .        u - +2 short sword (venom)
rCold   . . .        (no shield)
rNeg    . . .        (body armour unavailable)
rPois   .            I - +1 hat {SInv}
rElec   .            e - +1 cloak
rCorr   .            (no gloves)
SInv    +            p - +0 pair of boots
Will    .....        n - amulet of regeneration
Stlth   ++           (no ring)
HPRegen 1.13/turn    (no ring)
MPRegen 0.17/turn

%: no passive effects
@: about to teleport, slowed, very slow
A: mud breath, mud-swimmer, AC +12, amphibious, unfitting armour, cold-blooded
a: Mud Breath, Renounce Religion


You were on level 9 of the Dungeon.
You worshipped Vehumet.
Vehumet was pleased with you.
You visited 2 branches of the dungeon, and saw 10 of its levels.

You collected 506 gold pieces.
You spent 83 gold pieces at shops.

Inventory:

Hand Weapons
 q - a +1 dagger of electrocution
 u - a +2 short sword of venom (weapon)
 A - a +1 flail of protection
 E - a +2 scimitar
Armour
 e - a +1 cloak (worn)
 p - a +0 pair of boots (worn)
 C - a +0 hat
 I - a +1 hat of see invisible (worn)
Magical Staves
 h - a staff of earth
 w - a staff of cold
Jewellery
 n - an amulet of regeneration (around neck)
 t - a ring of fire
Wands
 x - a wand of flame (18)
 F - a wand of quicksilver (24)
 H - a wand of roots (10)
Scrolls
 b - 2 scrolls of teleportation
 d - 3 scrolls of amnesia
 g - 2 scrolls of fog {unknown}
 i - 3 scrolls of revelation {unknown}
 j - 3 scrolls of identify {unknown}
 l - 3 scrolls of vulnerability {unknown}
 o - 2 scrolls of blinking {unknown}
 y - a scroll of silence {unknown}
 z - a scroll of torment {unknown}
 B - 3 scrolls of brand weapon {unknown}
Potions
 a - a potion of magic
 f - 4 potions of curing
 k - 2 potions of enlightenment {unknown}
 m - 2 potions of heal wounds {unknown}
 r - a potion of degeneration {unknown}
 s - a potion of lignification {unknown}
 v - a potion of resistance {unknown}
 D - a potion of invisibility {unknown}
 G - a potion of ambrosia {unknown}


   Skills:
 - Level 5.3 Fighting
 - Level 1.7 Dodging
 - Level 1.7 Stealth
 - Level 7.0 Spellcasting
 - Level 9.0 Conjurations
 + Level 6.9 Ice Magic
 - Level 1.5 Air Magic
 - Level 11.0 Earth Magic


You had 19 spell levels left.
You knew the following spells:

 Your Spells              Type           Power      Damage    Failure   Level
a - Sandblast             Erth           100%       2d20      1%          1
b - Stone Arrow           Conj/Erth      94%        3d12      1%          3

Your spell library contained the following spells:

 Spells                   Type           Power      Damage    Failure   Level
 Static Discharge         Conj/Air       56%        3-6/arc   1%          2
 Magic Dart               Conj           100%       1d8       1%          1
 Shock                    Conj/Air       100%       1d9       1%          1
 Sting                    Conj/Alch      100%       1d9       1%          1
 Passwall                 Erth           50%        N/A       1%          3
 Brom's Barrelling Bould  Conj/Erth      47%        2d6       1%          4
 Momentum Strike          Conj/Tloc      50%        3d9       2%          2
 Ensorcelled Hibernation  Hex/Ice        40%        N/A       3%          2
 Summon Small Mammal      Summ           28%        N/A       10%         1
 Petrify                  Alch/Erth      29%        N/A       10%         4
 Mercury Vapours          Alch/Air       20%        N/A       11%         2
 Blink                    Tloc           14%        N/A       14%         2
 Call Imp                 Summ           14%        N/A       14%         2
 Lesser Beckoning         Tloc           14%        N/A       14%         2
 Flame Wave               Conj/Fire      25%        2d8       14%         4
 Swiftness                Air            13%        N/A       16%         3
 Call Canine Familiar     Summ           7%         N/A       28%         3
 Fugue of the Fallen      Necr           7%         N/A       28%         3
 Inner Flame              Hex/Fire       7%         N/A       28%         3
 Teleport Other           Tloc           7%         N/A       28%         3
 Airstrike                Air            6%         2d(1-17)  45%         4
 Anguish                  Hex/Necr       3%         N/A       67%         4
 Maxwell's Portable Pile  Tloc           7%         2d(6-12)  67%         4
 Olgreb's Toxic Radiance  Alch           7%         N/A       67%         4
 Sticky Flame             Fire/Alch      7%         2d4       67%         4
 Summon Blazeheart Golem  Fire/Summ      7%         N/A       67%         4


Dungeon Overview and Level Annotations

Branches:
Dungeon (9/15)             Temple (1/1) D:7
   Lair: D:8-11         Orc: D:9-12

Altars:
Ashenzari
Cheibriados
Dithmenos
Elyvilon
Fedhas
Gozag
Hepliaklqana
Kikubaaqudgha
Makhleb
Nemelex Xobeh
Okawaru
Qazlal
Ru
Sif Muna
Trog
Uskayaw
Vehumet
Wu Jian
Xom
Yredelemnul
Zin
The Shining One

Shops:
D:3 *   D:7 !


Innate Abilities, Weirdness & Mutations

You can breathe torrents of mud.
You are unimpeded by mud.
Your dull iron-grey scales are very hard. (AC +12)
You are amphibious.
You cannot fit into any form of body armour.
You are cold-blooded and may be slowed by cold attacks.


Message History

The polar bear simulacrum claws you but does no damage.
The wolf completely misses you.
The yak simulacrum gores you but does no damage.
The yak simulacrum gores you. The yak simulacrum freezes you!
You feel yourself slow down.
The polar bear simulacrum bites you but does no damage.
The polar bear simulacrum claws you. The polar bear simulacrum freezes you!
* * * LOW HITPOINT WARNING * * *
The polar bear simulacrum claws you but does no damage.
Unknown command.
Casting: Sandblast (safe; 1% risk of failure)
Confirm with . or Enter, or press ? or * to list all spells.
Aiming: Sandblast (safe; 1% risk of failure)
Press: ? - help, Shift-Dir - straight line, f/p - polar bear simulacrum
Aim: a polar bear simulacrum (heavily damaged, 99% to hit)
The blast of sand hits the polar bear simulacrum!
The polar bear simulacrum is almost destroyed.
You feel yourself speed up. The wolf bites you.
* * * LOW HITPOINT WARNING * * *
The wolf closely misses you. x2
The yak simulacrum gores you but does no damage. x2
The polar bear simulacrum closely misses you.
The polar bear simulacrum claws you but does no damage. x2
The wolf bites you but does no damage. The yak simulacrum closely misses you.
The yak simulacrum gores you but does no damage.
The polar bear simulacrum bites you but does no damage.
The polar bear simulacrum claws you.
* * * LOW HITPOINT WARNING * * *
The polar bear simulacrum freezes you!
You feel yourself slow down.
* * * LOW HITPOINT WARNING * * *
The polar bear simulacrum barely misses you.
As you read the scroll labelled XEEMEIZ ATSIYBB, it crumbles to dust.
You feel strangely unstable.
It was a scroll of teleportation.
The wolf bites you.
* * * LOW HITPOINT WARNING * * *
The wolf bites you but does no damage. The yak simulacrum gores you.
* * * LOW HITPOINT WARNING * * *
The yak simulacrum freezes you!
You die...

...............# #.....
................ #...##
.....).......########## #...#
.............#(...#.Z.# .....#
.............###..'..Z# ####...#
.............#ß..Z#.ZZ#.# #...#
.............#..ZZ#####.# #...#
<............#.ZZZ#.....####...#
........####.#..@h'.P⌠P....
..>.....# #.######)....##
........# #.....†......#
........# ##.........###
........# #..######## ........#
#..# ........# #..# ........#
#..# ........# #..#


You could see a wolf, a river rat simulacrum, 3 yak simulacra and 2 polar bear
simulacra.

Vanquished Creatures
  Gastronok (D:8)
  A necromancer (D:9)
  Pikel (D:8)
  Joseph (D:8)
  The ghost of Radamante the Covered, a novice MiFi (D:4)
  Psyche (D:8)
  Sigmund (D:5)
  A vampire (D:8)
  2 wyverns (D:7)
  2 steam dragons
  2 water moccasins
  An ice beast (D:7)
  A sky beast (D:7)
  2 black bears
  2 orc warriors
  3 ogres
  A wolf (D:9)
  A lemure (D:8)
  3 bullfrogs
  A kobold brigand (D:7)
  2 gnoll sergeants
  3 scorpions
  11 wights
  6 killer bees (D:9)
  A vampire bat (D:8)
  2 howler monkeys
  6 bombardier beetles
  3 hounds
  5 orc priests
  2 jellies
  Jessica (D:2)
  3 iguanas
  Ijyb (D:5)
  6 orc wizards
  A polar bear simulacrum (D:9)
  2 wolf simulacra (D:9)
  A bullfrog simulacrum (D:4)
  A centaur simulacrum (D:4)
  2 scorpion simulacra (D:4)
  Robin (D:4)
  6 adders
  9 gnolls
  A river rat (D:9)
  2 shadow imps
  3 white imps (D:4)
  6 dart slugs
  A ribbon worm (D:2)
  18 orcs
  8 ball pythons
  13 bats
  9 endoplasms
  2 giant cockroaches
  12 goblins
  10 hobgoblins
  10 kobolds
  2 quokkas
  3 frilled lizards
  A quokka simulacrum (D:4)
  12 rats
  A river rat simulacrum (D:9)
218 creatures vanquished.

Vanquished Creatures (others)
  A bullfrog (D:8)
  An orc (D:9)
2 creatures vanquished.

Grand Total: 220 creatures vanquished

Notes
Turn   | Place    | Note
-------+----------+-------------------------------------------
     0 | D:1      | AlexanderH the Draconian Earth Elementalist began the quest
                  | for the Orb.
     0 | D:1      | Reached XP level 1. HP: 14/14 MP: 3/3
   257 | D:1      | Reached skill level 1 in Fighting
   295 | D:1      | Reached XP level 2. HP: 23/23 MP: 0/5
  1145 | D:2      | Noticed Jessica
  1150 | D:2      | Killed Jessica
  1151 | D:2      | Reached XP level 3. HP: 5/30 MP: 1/6
  1485 | D:2      | Reached skill level 4 in Earth Magic
  1515 | D:2      | Reached XP level 4. HP: 37/37 MP: 2/7
  1938 | D:2      | You fall into a shaft and drop 2 floors!
  2026 | D:4      | Noticed a scorpion
  2054 | D:4      | Killed a scorpion
  2055 | D:4      | Reached XP level 5. HP: 16/45 MP: 0/8
  2193 | D:4      | Learned a level 3 spell: Stone Arrow
  2303 | D:3      | Found Yhuloscha's Assorted Antiques.
  2554 | D:3      | Reached skill level 5 in Earth Magic
  2609 | D:3      | Bought a scroll labelled AMMEUCO YTHRIL for 22 gold pieces
  2609 | D:3      | Bought a scroll labelled PAARES WUENY for 22 gold pieces
  3257 | D:4      | Reached XP level 6. HP: 47/52 MP: 7/9
  3368 | D:4      | Found a runed translucent gate.
  3368 | D:4      | Found a runed translucent gate.
  3368 | D:4      | Found a runed translucent gate.
  3455 | D:4      | Noticed Radamante's ghost (novice MiFi)
  3589 | D:4      | Noticed Robin
  3594 | D:4      | Killed Robin
  4026 | D:5      | Entered Level 5 of the Dungeon
  4026 | D:5      | Noticed a water moccasin
  4043 | D:4      | HP: 2/53 [Radamante's ghost (11)]
  4045 | D:4      | Killed Radamante's ghost
  4046 | D:4      | Reached skill level 5 in Fighting
  4046 | D:4      | Your scales start taking on a dull iron-grey colour.
  4046 | D:4      | Reached skill level 7 in Earth Magic
  4046 | D:4      | Reached XP level 7. HP: 5/61 MP: 1/10
  4124 | D:3      | Learned a level 3 spell: Swiftness
  4313 | D:5      | Reached skill level 1 in Air Magic
  4434 | D:5      | Noticed Ijyb
  4441 | D:5      | Killed Ijyb
  4447 | D:5      | Reached XP level 8. HP: 68/68 MP: 0/11
  4453 | D:5      | Reached skill level 8 in Earth Magic
  4622 | D:5      | Noticed Sigmund
  4639 | D:5      | Reached skill level 5 in Conjurations
  4728 | D:5      | Killed Sigmund
  5112 | D:6      | Reached skill level 9 in Earth Magic
  5345 | D:6      | Found a blossoming altar of Fedhas.
  5345 | D:6      | Found a hazy altar of Hepliaklqana.
  5346 | D:6      | Found a shadowy altar of Dithmenos.
  5351 | D:6      | Reached XP level 9. HP: 73/74 MP: 11/15
  6001 | D:7      | Reached skill level 1 in Ice Magic
  6094 | D:7      | Reached skill level 5 in Spellcasting
  6120 | D:7      | Found a staircase to the Ecumenical Temple.
  6158 | Temple   | Entered the Ecumenical Temple
  6200 | Temple   | Became a worshipper of Vehumet
  6243 | D:7      | Reached skill level 10 in Earth Magic
  6278 | D:7      | Found Hoxisch's Distillery.
  6288 | D:7      | Bought a potion of curing for 39 gold pieces
  6363 | D:7      | Identified the +4 scale mail "Daihi" {rElec}
  6367 | D:7      | Identified the +0 scale mail of the Armoured One {rElec rF+
                  | Int+3 Dex+5}
  6643 | D:8      | Reached * piety under Vehumet
  6643 | D:8      | Offered knowledge of Foxfire by Vehumet.
  6774 | D:8      | Noticed Psyche
  6807 | D:8      | Killed Psyche
  6808 | D:8      | Reached XP level 10. HP: 66/81 MP: 11/19
  7139 | D:8      | Noticed Pikel
  7155 | D:8      | Killed Pikel
  7445 | D:8      | Noticed Joseph
  7459 | D:8      | Killed Joseph
  7460 | D:8      | Reached skill level 11 in Earth Magic
  7574 | D:8      | Reached ** piety under Vehumet
  7574 | D:8      | Offered knowledge of Static Discharge by Vehumet.
  7606 | D:9      | Noticed Gastronok
  7777 | D:8      | Killed Gastronok
  7778 | D:8      | Reached skill level 5 in Ice Magic
  8063 | D:9      | Noticed a necromancer
  8094 | D:9      | Killed a necromancer
  8135 | D:9      | HP: 3/81 [yak simulacrum (2)]
  8135 | D:9      | Mangled by a yak simulacrum

Illustrated notes

Levels and vault maps discovered:
D:1:      nagdon_arrival_double_spiral, layout_basic
D:2:      layout_loops_ring, minmay_rat_gold_closets, uniq_jessica
D:3:      layout_basic, serial_glass, glass_columns_a, glass_columns_a,
          glass_columns_c, glass_columns_c, serial_shops, shop
D:4:      layout_rooms, gammafunk_ghost_icy, serial_library,
          serial_library_hellmonk_reading_circle,
          serial_library_hellmonk_octagon, serial_library_hellmonk_small_alcove,
          serial_library_hellmonk_big_corner, serial_library_hellmonk_room_b,
          serial_library_regret_index_branch_corner, kennysheep_diamond,
          uniq_robin
D:5:      layout_rooms, uniq_sigmund, uniq_ijyb
D:6:      layout_rooms, grunt_temple_overflow_open
D:7:      layout_loops_ring, minmay_temple_entry_ruins, serial_shops, shop
D:8:      layout_loops_ring, kennysheep_crisscross, roderic_batcave,
          nzn_life_drinkers, uniq_psyche, uniq_joseph, uniq_pikel
D:9:      layout_small_grid, eino_house_with_fridge, uniq_gastronok
Temple:   hellmonk_temple_of_storms

Skill      XL: |  1  2  3  4  5  6  7  8  9 10 |
---------------+-------------------------------+-----
Fighting       | 1 2 3 4 5 |  5.3
Earth Magic    | 4 5 7 9 10 11 | 11.0
Conjurations   | 2 3 4 6 7 9 |  9.0
Air Magic      | 1 |  1.5
Spellcasting   | 4 6 7 |  7.0
Ice Magic      | 3 6 |  6.9
Dodging        | |  1.7
Stealth        | |  1.7

Action                     |  1- 3 |  4- 6 |  7- 9 | 10-12 || total
---------------------------+-------+-------+-------+-------++-------
  Melee: Spear             |    34 |    47 |       |       ||    81
         Tailslap          |     7 |    12 |    26 |    15 ||    60
         Dagger            |       |    15 |     6 |       ||    21
         Short sword       |       |       |   155 |    66 ||   221
   Cast: Sandblast         |    33 |    75 |    91 |    26 ||   225
         Stone Arrow       |       |     1 |    29 |    36 ||    66
Ability: Mud Breath        |       |       |     2 |       ||     2
    Use: Scroll            |       |       |     2 |     1 ||     3
   Stab: Sleeping          |     2 |     3 |     1 |     1 ||     7
 Armour: Skin              |    17 |    83 |   175 |   139 ||   414
  Dodge: Dodged            |    16 |    47 |   155 |    82 ||   300

Table legend: (Time is in decaauts)
 A = Elapsed time spent in this place.
 B = Non-inter-level travel time spent in this place.
 C = Inter-level travel time spent in this place.
 D = Time resting spent in this place.
 E = Time spent auto-exploring this place.
 F = Levels seen in this place.
 G = Mean time per level.
                   A        B        C        D        E       F      G
               +--------+--------+--------+--------+--------+-----+--------+
         Total |   8287 |   8080 |    207 |    966 |   4543 |  10 |  828.7 |
       Dungeon |   8224 |   8037 |    187 |    966 |   4521 |   9 |  913.8 |
        Temple |     62 |     42 |     20 |      0 |     22 |   1 |   62.0 |
               +--------+--------+--------+--------+--------+-----+--------+

Top non-repeatable levels by time:
     D:4: 1548 daAuts
     D:8: 1200 daAuts
     D:1: 1139 daAuts
     D:2: 1060 daAuts
     D:6: 833 daAuts
     D:3: 772 daAuts
     D:5: 666 daAuts
     D:7: 653 daAuts
     D:9: 349 daAuts
  Temple: 62 daAuts
